 Dungeon Crawl Stone Soup version 0.32-a0-768-g0f6f1dd4b9 (webtiles) character file.

Game seed: 1291405268508111156

2314 gimp the Geomancer (level 9, -6/57 HPs)
             Began as a Barachi Earth Elementalist on Mar 19, 2024.
             Was a Follower of Vehumet.
             Mangled by a yak (9 damage)
             ... on level 6 of the Dungeon.
             The game lasted 00:10:17 (6240 turns).

gimp the Geomancer (Barachi Earth Elementalist)     Turns: 6240, Time: 00:10:17

Health: -6/57      AC:  4    Str: 10    XL:     9   Next: 41%
Magic:  0/20       EV: 11    Int: 19    God:    Vehumet [*.....]
Gold:   142        SH:  5    Dex: 13    Spells: 19/23 levels left

rFire   . . .        a - +0 dagger (venom)
rCold   . . .        (no shield)
rNeg    . . .        e - +0 robe
rPois   .            o - +0 helmet
rElec   .            (no cloak)
rCorr   .            d - +0 pair of gloves
SInv    .            (no boots)
Will    .....        w - amulet of reflection
Stlth   ++           (no ring)
HPRegen 0.29/turn    (no ring)
MPRegen 0.17/turn

%: reflection
@: invisible, slow
A: amphibious, slowness 1, strong legs 1, +LOS
a: Hop, Renounce Religion


You were on level 6 of the Dungeon.
You worshipped Vehumet.
Vehumet was aware of your devotion.
You visited 1 branch of the dungeon, and saw 6 of its levels.

You collected 351 gold pieces.
You spent 209 gold pieces at shops.

Inventory:

Hand Weapons
 a - a +0 dagger of venom (weapon)
Armour
 d - a +0 pair of gloves (worn)
 e - a +0 robe (worn)
 o - a +0 helmet (worn)
Jewellery
 w - an amulet of reflection (around neck)
 x - a ring of ice
Scrolls
 f - a scroll of enchant armour
 g - a scroll of noise
 h - 2 scrolls of brand weapon {unknown}
 i - 4 scrolls of teleportation {unknown}
 j - a scroll of blinking {unknown}
 l - 3 scrolls of amnesia {unknown}
 p - a scroll of silence {unknown}
 q - a scroll of fog {unknown}
 u - a scroll of immolation {unknown}
 v - a scroll of enchant weapon
 z - a scroll of poison {unknown}
Potions
 b - a potion of magic
 k - 3 potions of haste
 m - a potion of attraction
 s - a potion of brilliance
 t - a potion of cancellation


   Skills:
 - Level 2.1 Dodging
 - Level 1.7 Stealth
 + Level 7.6 Spellcasting
 + Level 7.3 Conjurations
 - Level 8.0 Earth Magic


You had 19 spell levels left.
You knew the following spells:

 Your Spells              Type           Power      Damage    Failure   Level
a - Stone Arrow           Conj/Erth      72%        3d11      1%          3
b - Sandblast             Erth           74%        2d16      1%          1

Your spell library contained the following spells:

 Spells                   Type           Power      Damage    Failure   Level
 Sting                    Conj/Alch      84%        1d8       2%          1
 Magic Dart               Conj           100%       1d8       1%          1
 Searing Ray              Conj           70%        2d7       1%          2
 Passwall                 Erth           37%        N/A       1%          3
 Brom's Barrelling Bould  Conj/Erth      36%        2d6       4%          4
 Dazzling Flash           Conj/Hex       42%        N/A       6%          3
 Mephitic Cloud           Conj/Alch/Air  16%        N/A       11%         3
 Cigotuvi's Dreadful Rot  Necr/Alch/Air  14%        N/A       14%         2
 Leda's Liquefaction      Alch/Erth      11%        N/A       19%         4
 Petrify                  Alch/Erth      22%        N/A       19%         4
 Fulminant Prism          Conj/Alch      10%        3d8       22%         4
 Dispel Undead            Necr           7%         3d8       67%         4
 Martyr's Knell           Necr/Summ      7%         N/A       67%         4
 Curse of Agony           Necr           7%         N/A       95%         5
 Metabolic Englaciation   Hex/Ice        3%         N/A       95%         5
 Silence                  Hex/Air        3%         N/A       95%         5
 Summon Forest            Summ/Tloc      3%         N/A       95%         5
 Summon Mana Viper        Hex/Summ       7%         N/A       95%         5
 Summon Cactus Giant      Summ           3%         N/A       100%        6


Dungeon Overview and Level Annotations

Branches:
Dungeon (6/15)             Temple (0/1) D:6

Altars:
Elyvilon
Hepliaklqana
Vehumet
Wu Jian
Xom

Shops:
D:4 *!

Annotations:
D:4 2 transporters


Innate Abilities, Weirdness & Mutations

You are amphibious.
You cover ground slowly.
You can hop short distances.
You have an extended range of vision and can be seen from far away.


Message History

You take 7 damage, and have 22/57 hp.
You now have 1/20 mp.
Casting: Stone Arrow (safe; 1% risk of failure)
Confirm with . or Enter, or press ? or * to list all spells.
You don't have enough magic to cast this spell.
You hit the yak but do no damage.
The yak is poisoned.
The yak is severely wounded.
The yak gores you.
You take 1 damage, and have 21/57 hp.
You hit the yak but do no damage.
The yak is severely wounded.
The yak gores you.
* * * LOW HITPOINT WARNING * * *
You take 5 damage, and have 16/57 hp.
Hop to where?
Press: ? - help, Dir - move target, p - yak Boing!
You hit the yak but do no damage.
The yak looks as sick as possible!
The yak is almost dead.
You block the yak's attack.
Unknown command.
Unknown command.
You feel better. The yak misses you.
You regained 10 hp, and now have 27/57 hp.
You hit the yak.
You kill the yak!
Vehumet accepts your kill.
You feel your power returning.
Training target 8.0 for Earth Magic reached!
Your Earth Magic skill increases to level 8!
Casting: Stone Arrow (safe; 1% risk of failure)
Confirm with . or Enter, or press ? or * to list all spells.
Aiming: Stone Arrow (safe; 1% risk of failure)
Press: ? - help, Shift-Dir - straight line, f - yak
Aim: a yak (84% to hit)
The stone arrow misses the yak.
The yak gores you.
You take 2 damage, and have 26/57 hp.
You now have 1/20 mp.
Casting: Stone Arrow (safe; 1% risk of failure)
Confirm with . or Enter, or press ? or * to list all spells.
You don't have enough magic to cast this spell.
You barely miss the yak. The yak barely misses you.
You hit the yak.
The yak is poisoned.
The yak is lightly wounded.
The yak gores you!
* * * LOW HITPOINT WARNING * * *
You take 9 damage, and have 17/57 hp.
You barely miss the yak.
The yak is lightly wounded.
The yak gores you!
* * * LOW HITPOINT WARNING * * *
You take 12 damage, and have 5/57 hp.
MASSIVE DAMAGE!!
You feel much better. The yak gores you!
* * * LOW HITPOINT WARNING * * *
You regained 12 hp, and now have 17/57 hp.
You aren't carrying any items that you can evoke.
Unknown command.
Okay, then.
Okay, then.
Aiming: Sandblast (safe; 1% risk of failure)
Press: ? - help, Q - select action, (/) - cycle Shift-Dir - straight line, f/p - yak
Aim: a yak (lightly wounded, very poisoned, 90% to hit)
The blast of sand hits the yak!
The yak is heavily wounded.
You block the yak's attack. The yak barely misses you.
You now have 1/20 mp.
Unknown command.
Unknown command.
Aiming: Sandblast (safe; 1% risk of failure)
Press: ? - help, Q - select action, (/) - cycle Shift-Dir - straight line, f/p - yak
Aim: a yak (heavily wounded, very poisoned, 90% to hit)
The blast of sand misses the yak.
The yak closely misses you.
You now have 0/20 mp.
Unknown command.
You feel better. The yak gores you!
* * * LOW HITPOINT WARNING * * *
You take 10 damage, and have 8/57 hp.
Okay, then.
Okay, then.
Okay, then.
Okay, then.
Unknown command.
Unknown command.
Unknown command.
You feel better. The yak gores you but does no damage.
You regained 8 hp, and now have 16/57 hp.
You aren't carrying any items that you can evoke.
Unknown command.
The yak closely misses you.
Aiming: Sandblast (safe; 1% risk of failure)
Press: ? - help, Q - select action, (/) - cycle Shift-Dir - straight line, f/p - yak
Aim: a yak (heavily wounded, very poisoned, 90% to hit)
The blast of sand hits the yak.
The yak is severely wounded.
You are ready to hop once more.
The yak gores you!
* * * LOW HITPOINT WARNING * * *
You take 15 damage, and have 2/57 hp.
MASSIVE DAMAGE!!
You now have 0/20 mp.
You fade into invisibility!
The yak gores you!
You die...

.....# ##.# #. #>....># .....#
#..# #.# #......# .....####.##
#.# #.......
.....##.).#####.##### ##.....#
......))............# ##....#
......)..######.....# ##.###
.........# #..... #.#
.........##.. #.#.#.# #.##
............_.#.@.#..# #..#
.......####...#Y####..## ##.#
.........# ..#.### #..# #.#
#.#....#.## ##...# #^## #[#
#.#.##.#..####..#.# #..# #.#
#.#.##.#....##..#†## ##<######.##
#...##.#..#.##..#Y.# #.†........
#.†###.#.##.....##.###########.##
#..# #.#.##..##.##...# #.##


You could see a yak (unable to see you, very poisoned).

Vanquished Creatures
  Grinder (D:6)
  5 yaks (D:6)
  Menkaure (D:4)
  A water moccasin (D:6)
  A sky beast (D:6)
  An ice beast (D:6)
  An ogre (D:5)
  2 phantoms
  5 scorpions
  4 bombardier beetles
  A hound (D:6)
  A jelly (D:6)
  An orc priest (D:6)
  A sleepcap (D:5)
  2 iguanas
  2 orc wizards
  4 gnolls (D:5)
  3 adders
  3 dart slugs
  A ribbon worm (D:3)
  14 orcs
  6 ball pythons
  5 endoplasms
  2 giant cockroaches
  6 goblins
  9 hobgoblins
  8 jackals
  3 kobolds
  6 quokkas
  A bat (D:3)
  2 frilled lizards (D:2)
  A rat (D:1)
104 creatures vanquished.

Vanquished Creatures (others)
  A frilled lizard (D:1)
1 creature vanquished.

Grand Total: 105 creatures vanquished

Notes
Turn   | Place    | Note
-------+----------+-------------------------------------------
     0 | D:1      | gimp the Barachi Earth Elementalist began the quest for the
                  | Orb.
     0 | D:1      | Reached XP level 1. HP: 13/13 MP: 3/3
   200 | D:1      | Reached XP level 2. HP: 19/19 MP: 3/5
   678 | D:1      | Found a faded altar of an unknown god.
   966 | D:2      | Reached XP level 3. HP: 17/24 MP: 0/6
   970 | D:2      | Learned a level 3 spell: Stone Arrow
  1813 | D:2      | Reached XP level 4. HP: 7/30 MP: 2/8
  2162 | D:3      | Found a radiant altar of Vehumet.
  2256 | D:3      | Became a worshipper of Vehumet
  2626 | D:4      | Noticed a phantom
  2636 | D:3      | Killed a phantom
  2637 | D:3      | Reached XP level 5. HP: 22/35 MP: 0/10
  2734 | D:4      | Noticed Menkaure
  2741 | D:4      | Killed Menkaure
  2742 | D:4      | Reached skill level 4 in Earth Magic
  2742 | D:4      | Reached XP level 6. HP: 41/41 MP: 2/11
  2966 | D:4      | Found a hazy altar of Hepliaklqana.
  3093 | D:4      | Found Maodgh's Overcharged Wands.
  3154 | D:4      | Found a transporter.
  3172 | D:4      | Found a transporter.
  3177 | D:4      | Found Aggutros's Distillery.
  3182 | D:4      | Reached skill level 5 in Conjurations
  3268 | D:4      | Bought a potion of curing for 33 gold pieces
  3268 | D:4      | Bought a potion of heal wounds for 55 gold pieces
  3268 | D:4      | Bought a potion of haste for 110 gold pieces
  3268 | D:4      | Bought a potion of degeneration for 11 gold pieces
  3985 | D:5      | Entered Level 5 of the Dungeon
  3991 | D:5      | Reached XP level 7. HP: 46/46 MP: 0/13
  4290 | D:5      | Reached * piety under Vehumet
  4290 | D:5      | Offered knowledge of Sting by Vehumet.
  4461 | D:5      | Reached skill level 5 in Earth Magic
  4725 | D:5      | Reached skill level 5 in Spellcasting
  4904 | D:5      | Reached XP level 8. HP: 52/52 MP: 8/15
  5318 | D:6      | Reached skill level 6 in Earth Magic
  5381 | D:6      | Found a staircase to the Ecumenical Temple.
  5453 | D:6      | Found an ornate altar of the Wu Jian Council.
  5453 | D:6      | Noticed a yak
  5455 | D:6      | Found a shimmering altar of Xom.
  5455 | D:6      | Noticed a yak
  5455 | D:6      | Noticed a yak
  5455 | D:6      | Noticed a yak
  5455 | D:6      | Noticed a yak
  5455 | D:6      | Noticed a yak
  5467 | D:6      | Killed a yak
  5482 | D:6      | Killed a yak
  5741 | D:6      | Reached skill level 7 in Earth Magic
  6016 | D:6      | Noticed Grinder
  6017 | D:6      | Found a white marble altar of Elyvilon.
  6020 | D:6      | Paralysed by Grinder for 2 turns
  6024 | D:6      | Killed Grinder
  6025 | D:6      | Reached XP level 9. HP: 57/57 MP: 7/19
  6229 | D:6      | Reached skill level 8 in Earth Magic
  6239 | D:6      | HP: 2/57 [yak (15)]
  6240 | D:6      | Mangled by a yak

Illustrated notes

Levels and vault maps discovered:
D:1:      amcnicky_arrival_gap_in_the_tavern_cellar, layout_loops_ring,
          shapermc_ecumenical_altar_totnotflames, lemuel_flame_loot_1
D:2:      layout_basic, amcnicky_mini_pool_small
D:3:      layout_basic, mainiacjoe_overflow_small_starburst,
          grunt_decor_junction, minmay_surrounded
D:4:      gammafunk_steamed_eel, layout_basic,
          mainiacjoe_overflow_cross_hatched, serial_shops, shop,
          minmay_misc_feat_room, minmay_stone_trees_small,
          nicolae_shop_overcharged_wands, uniq_menkaure
D:5:      layout_cave_pools
D:6:      layout_rooms, mainiacjoe_overflow_alcove_2,
          grunt_temple_overflow_open, minmay_temple_entry_statues_fountains,
          amcnicky_mini_corridor_feature, uniq_grinder

Skill      XL: |  1  2  3  4  5  6  7  8  9 |
---------------+----------------------------+-----
Conjurations   | 2 3 4 5 6 7 |  7.3
Spellcasting   | 3 4 5 7 |  7.6
Earth Magic    | 4 5 7 8 |  8.0
Dodging        | |  2.1
Stealth        | |  1.7

Action                     |  1- 3 |  4- 6 |  7- 9 || total
---------------------------+-------+-------+-------++-------
  Melee: Dagger            |     6 |     4 |    38 ||    48
   Cast: Sandblast         |    49 |    29 |     3 ||    81
         Stone Arrow       |       |    24 |    75 ||    99
Ability: Hop               |     1 |       |     2 ||     3
    Use: Potion            |     2 |       |     5 ||     7
         Scroll            |       |       |     7 ||     7
   Stab: Sleeping          |       |     1 |       ||     1
 Armour: Robe              |    25 |     9 |    35 ||    69
  Dodge: Dodged            |    18 |     9 |    19 ||    46
  Block: Other             |       |       |     5 ||     5

Table legend: (Time is in decaauts)
 A = Elapsed time spent in this place.
 B = Non-inter-level travel time spent in this place.
 C = Inter-level travel time spent in this place.
 D = Time resting spent in this place.
 E = Time spent auto-exploring this place.
 F = Levels seen in this place.
 G = Mean time per level.
                   A        B        C        D        E       F      G
               +--------+--------+--------+--------+--------+-----+--------+
         Total |   6938 |   6620 |    318 |     71 |   5742 |   6 | 1156.3 |
       Dungeon |   6938 |   6620 |    318 |     71 |   5742 |   6 | 1156.3 |
               +--------+--------+--------+--------+--------+-----+--------+

Top non-repeatable levels by time:
     D:4: 1503 daAuts
     D:5: 1288 daAuts
     D:1: 1091 daAuts
     D:2: 1079 daAuts
     D:6: 1014 daAuts
     D:3: 960 daAuts
